 Dungeon Crawl Stone Soup version 0.28.0-53-g5a82cb258f (webtiles) character file.

Game seed: 9618575382218281201

17 Gabide the Stinger (level 2, -4/19 HPs)
             Began as a Formicid Venom Mage on June 13, 2022.
             Slain by an adder (5 damage)
             ... on level 2 of the Dungeon.
             The game lasted 00:01:50 (1366 turns).

Gabide the Stinger (Formicid Venom Mage)            Turns: 1366, Time: 00:01:50

Health: -4/19      AC:  2    Str: 12    XL:     2   Next: 80%
Magic:  0/5        EV: 12    Int: 14    God:
Gold:   81         SH:  0    Dex: 11    Spells: 4/5 levels left

rFire   . . .      SeeInvis +   (no weapon)
rCold   . . .      Faith    .   (no shield)
rNeg    . . .      Spirit   .   a - +0 robe
rPois   .          Reflect  .   (helmet unavailable)
rElec   .          Harm     .   (no cloak)
rCorr   .          Rampage  .   (no gloves)
Will    .....                   (no boots)
Stlth   ++........              (no amulet)
HPRegen 0.06/turn               (no ring)
MPRegen 0.09/turn               (no ring)

@: lethally poisoned (-4 -> -6)
A: permanent stasis, dig shafts and tunnels, antennae 3, four strong arms
a: Dig, Shaft Self


You were on level 2 of the Dungeon.
You visited 1 branch of the dungeon, and saw 2 of its levels.

You collected 81 gold pieces.

Inventory:

Armour
 a - a +0 robe (worn)
Scrolls
 b - a scroll of identify {unknown}
Potions
 c - a potion of haste {unknown}


   Skills:
 - Level 2.0 Dodging
 + Level 2.9 Stealth
 - Level 2.3 Spellcasting
 - Level 1.7 Transmutations
 - Level 4.2 Poison Magic


You had 4 spell levels left.
You knew the following spells:

 Your Spells              Type           Power      Damage    Failure   Level
a - Sting                 Tmut/Pois      40%        1d5       7%          1

Your spell library contained the following spells:

 Spells                   Type           Power      Damage    Failure   Level
 Poisonous Vapours        Pois/Air       14%        N/A       14%         2
 Mephitic Cloud           Conj/Pois/Air  5%         N/A       36%         3
 Olgreb's Toxic Radiance  Pois           13%        N/A       36%         4
 Dazzling Flash           Conj/Hex       2%         N/A       56%         3
 Iskenderun's Mystic Bla  Conj/Tloc      1%         2d3       93%         4
 Starburst                Conj/Fire      0%         6d3       100%        6


Dungeon Overview and Level Annotations

Branches:
Dungeon (2/15)

Altars:
Trog


Innate Abilities, Weirdness & Mutations

You cannot be hasted, slowed, berserked, paralysed or teleported.
You can dig through walls and to a lower floor.
You have a pair of large antennae on your head. (SInv)
Your four strong arms can wield two-handed weapons with a shield.


Message History

You start resting.
An adder comes into view.
No target in view!
An adder is nearby!
No target in view!
An adder is nearby!
Found a sapphire potion.
No target in view!
An adder is nearby!
Found a large cabochon ring.
You can't see any susceptible monsters within range! (Use Z to cast anyway.)
The sting misses the adder.
The adder closely misses you.
The sting misses the adder.
The adder barely misses you.
The sting hits the adder.
The adder is poisoned.
The adder is moderately wounded.
The adder bites you.
You are poisoned.
The adder poisons you!
The sting misses the adder.
You feel sick. The adder barely misses you. The adder completely misses you.
The sting misses the adder.
You feel sick. The adder bites you.
You are more poisoned.
The adder poisons you!
You are too depleted to draw on your mana recklessly!
You are too depleted to draw on your mana recklessly!
You barely miss the adder.
The adder is severely wounded.
You feel sick. The adder closely misses you.
You barely miss the adder.
The adder is severely wounded.
You feel sick. The adder barely misses you. The adder misses you.
You miss the adder.
The adder is severely wounded.
You feel sick. The adder bites you.
* * * LOW HITPOINT WARNING * * *
You hit the adder but do no damage.
The adder is severely wounded.
* * * LOW HITPOINT WARNING * * *
You feel sick. The adder bites you.
You die...

##### #=... ###...##
.##...!..# .........#
.# # #......# .#.#
#...$S.###.#.####
#....@..........
.##.............. {
................. {
###..............
#..............
#######..#†#.#.
######## ##.#.#
#......# #.).#
########......######..#


You could see an adder (poisoned).

Vanquished Creatures
  An endoplasm (D:2)
  A giant cockroach (D:1)
  2 goblins (D:2)
  A hobgoblin (D:1)
  3 kobolds (D:1)
  A quokka (D:2)
  2 ball pythons (D:1)
  2 bats (D:1)
  2 rats (D:1)
15 creatures vanquished.

Notes
Turn   | Place    | Note
-------+----------+-------------------------------------------
     0 | D:1      | Gabide the Formicid Venom Mage began the quest for the Orb.
     0 | D:1      | Reached XP level 1. HP: 13/13 MP: 3/3
   169 | D:1      | Reached XP level 2. HP: 19/19 MP: 3/5
   403 | D:1      | Found a faded altar of an unknown god.
   683 | D:1      | Prayed at the altar of an unknown god.
   683 | D:1      | Became a worshipper of Trog the Wrathful
   683 | D:1      | Reached * piety under Trog
   684 | D:1      | Fell from the grace of Trog
  1366 | D:2      | Slain by an adder

Illustrated notes

Levels and vault maps discovered:
D:1:      dpeg_arrival_more_subterranean_lakeside_camping, layout_rooms,
          shapermc_ecumenical_altar_flowoftime
D:2:      layout_basic

Skill      XL: |  1  2 |
---------------+-------+-----
Dodging        | 2 |  2.0
Stealth        | |  2.9
Spellcasting   | |  2.3
Transmutations | |  1.7
Poison Magic   | |  4.2

Action                   || total
-------------------------++-------
Melee: Unarmed           ||     8
 Cast: Sting             ||    26
Invok: Renounce Religion ||     1
Armor: Robe              ||     1
Dodge: Dodged            ||    12
